AoeStats
← briantorresr25

Arena

510422780Analyzed
4v4 RM · 8h ago on Sep 30, 2026· 71m 15s· 8 players
Game mode
Random Map
Map size
Large (8 player)
Population
200
Speed
Normal
Resources
Standard
Victory
Conquest
Starting age
Dark Age
Ending age
Imperial Age
RankedLock teamsTeams togetherTeam positionsShared explorationLock speedFull tech treeHidden civsTurbo modeCheats
Victory
Defeat
🇲🇽 Burgundians · Mexico
1132
+15
🇨🇴 Hindustanis · Colombia
1110
+16
🇲🇽 Persians · Mexico
1108
+16
🇨🇴 Japanese · Colombia
1048
+19
🇹🇷 Turks · Türkiye
1151
-18
🇳🇿 Slavs · New Zealand
1118
-17
🇦🇷 Franks · Argentina
1092
-16
🇹🇷 Byzantines · Türkiye
1085
-15
Sir_De_Metz
10:45 Feudal Age
11:09 Double-Bit Axe
11:04 Horse Collar
12:03 Wheelbarrow
17:11 Castle Age
16:25 Loom
23:38 Bow Saw
25:07 Heavy Plow
25:31 Hand Cart
27:03 Gold Mining
28:06 Town Watch
31:17 Imperial Age
29:27 Gold Shaft Mining
28:43 Stone Mining
29:41 Ballistics
30:15 Stone Shaft Mining
30:23 Scale Mail Armor
30:34 Forging
30:39 Masonry
30:36 Squires
31:05 Arson
31:07 Gambesons
30:44 Pikeman
31:46 Chain Mail Armor
32:07 Iron Casting
31:38 Scale Barding Armor
32:34 Two-Man Saw
32:06 Crop Rotation
31:40 Town Patrol
32:52 Chemistry
31:28 Capped Ram
32:57 Plate Mail Armor
31:52 Halberdier
33:07 Husbandry
32:50 Siege Ram
36:41 Blast Furnace
36:02 Chain Barding Armor
37:40 Plate Barding Armor
38:03 Guilds
38:23 Man-at-Arms
40:36 Bloodlines
39:49 Cavalier
39:51 Light Cavalry
41:25 Savar
43:18 Coinage
42:49 Caravan
43:01 Heavy Camel Rider
66:55 Fervor
66:44 Heated Shot
66:45 Fletching
66:56 Padded Archer Armor
68:46 Architecture
DCB
11:00 Feudal Age
11:56 Double-Bit Axe
12:20 Loom
14:54 Castle Age
14:38 Horse Collar
16:22 Bow Saw
23:24 Wheelbarrow
24:49 Heavy Plow
29:23 Imperial Age
29:27 Scale Barding Armor
29:32 Forging
29:56 Fortified Wall
31:16 Hand Cart
30:38 Heavy Camel Rider
31:32 Bloodlines
31:22 Husbandry
31:27 Town Watch
33:35 Chain Barding Armor
33:51 Iron Casting
34:29 Chemistry
33:49 Ballistics
36:18 Conscription
35:22 Imperial Camel Rider
43:33 Grand Trunk Road
48:23 Plate Barding Armor
48:49 Blast Furnace
47:40 Fletching
47:51 Padded Archer Armor
48:55 Two-Man Saw
49:17 Shatagni
49:26 Thumb Ring
49:30 Siege Engineers
52:01 Gold Mining
52:02 Stone Mining
56:58 Caravan
57:28 Coinage
57:02 Town Patrol
57:22 Leather Archer Armor
56:54 Light Cavalry
58:55 Gold Shaft Mining
58:58 Stone Shaft Mining
59:47 Elite Skirmisher
62:31 Onager
62:31 Siege Elephant
65:29 Spies/Treason
68:12 Hussar
KINGUARDIANS
10:35 Feudal Age
14:18 Castle Age
12:08 Double-Bit Axe
12:16 Horse Collar
13:11 Bow Saw
13:33 Heavy Plow
19:15 Gold Mining
19:22 Loom
21:04 Wheelbarrow
22:03 Two-Man Saw
21:03 Stone Mining
21:32 Town Watch
23:32 Scale Barding Armor
24:10 Gold Shaft Mining
27:03 Forging
29:59 Imperial Age
28:13 Chain Barding Armor
27:57 Husbandry
27:20 Cavalier
28:32 Hand Cart
29:20 Stone Shaft Mining
29:52 Iron Casting
29:01 Light Cavalry
30:04 Burgundian Vineyards
30:25 Ballistics
31:15 Conscription
32:08 Blast Furnace
32:30 Plate Barding Armor
33:00 Fletching
33:13 Hussar
33:14 Paladin
34:22 Scale Mail Armor
34:35 Fortified Wall
34:21 Murder Holes
35:30 Squires
35:16 Arson
36:33 Masonry
37:08 Chain Mail Armor
38:25 Chemistry
37:53 Padded Archer Armor
39:57 Elite Skirmisher
40:58 Leather Archer Armor
40:47 Bodkin Arrow
44:08 Treadmill Crane
44:45 Bracer
44:07 Crossbowman
46:16 Architecture
47:16 Plate Mail Armor
47:03 Pikeman
47:04 Man-at-Arms
48:18 Guard Tower
51:53 Arrowslits
54:11 Hoardings
59:39 Careening
59:39 Clinker Construction
60:18 Town Patrol
66:36 Crop Rotation
66:31 Caravan
67:01 Coinage
67:00 Capped Ram
67:59 Guilds
69:49 Keep
69:35 Bombard Tower
69:21 Siphons
69:37 Carvel Hull
71:00 Onager
71:13 Sappers
71:04 Elite Coustillier
briantorresr25
10:10 Feudal Age
15:28 Castle Age
15:45 Double-Bit Axe
15:44 Horse Collar
22:31 Scale Mail Armor
23:09 Forging
25:00 Iron Casting
26:04 Chain Mail Armor
27:21 Squires
28:45 Man-at-Arms
28:51 Pikeman
32:05 Husbandry
36:36 Imperial Age
35:16 Fortified Wall
35:27 Ballistics
35:47 Scale Barding Armor
36:16 Heavy Plow
36:28 Bow Saw
38:12 Cavalier
51:14 Onager
53:07 Heavy Scorpion
67:10 Chemistry
67:33 Spies/Treason
İştirakî
13:01 Feudal Age
13:37 Horse Collar
13:44 Double-Bit Axe
20:02 Castle Age
18:50 Forging
20:48 Heavy Plow
21:04 Bow Saw
20:24 Pikeman
22:16 Wheelbarrow
22:18 Scale Mail Armor
23:05 Loom
26:28 Hand Cart
27:52 Scale Barding Armor
27:53 Squires
28:22 Fletching
29:37 Gold Mining
31:20 Iron Casting
31:46 Husbandry
34:22 Imperial Age
33:02 Chain Barding Armor
34:48 Gold Shaft Mining
34:32 Chain Mail Armor
34:18 Padded Archer Armor
35:30 Conscription
34:35 Halberdier
34:37 Heavy Camel Rider
36:13 Plate Mail Armor
36:20 Plate Barding Armor
36:23 Ballistics
37:04 Chemistry
37:18 Two-Man Saw
36:51 Crop Rotation
36:41 Elite Varangian Guard
46:14 Bodkin Arrow
46:34 Leather Archer Armor
45:42 Cavalier
† Yatugrat †
11:01 Feudal Age
11:44 Horse Collar
11:52 Double-Bit Axe
17:52 Castle Age
16:18 Gold Mining
16:19 Stone Mining
22:21 Gold Shaft Mining
23:57 Loom
26:07 Heavy Plow
26:26 Bow Saw
28:17 Padded Archer Armor
29:10 Masonry
34:08 Imperial Age
31:57 Leather Archer Armor
33:22 Wheelbarrow
34:22 Hand Cart
34:16 Elite Janissary
35:19 Conscription
35:03 Artillery
40:30 Fortified Wall
40:51 Architecture
40:57 Ring Archer Armor
que onda logi
7:37 Loom
10:10 Feudal Age
13:54 Castle Age
12:22 Double-Bit Axe
17:53 Gold Mining
21:32 Stone Mining
22:52 Bow Saw
23:29 Scale Barding Armor
24:31 Husbandry
25:22 Wheelbarrow
25:19 Ballistics
27:36 Imperial Age
25:41 Forging
26:35 Hand Cart
27:02 Gold Shaft Mining
28:36 Chivalry
30:07 Chemistry
28:47 Cavalier
29:32 Town Watch
31:03 Paladin
34:53 Chain Barding Armor
36:19 Plate Barding Armor
37:40 Iron Casting
crispyburrito
11:56 Feudal Age
15:58 Castle Age
16:43 Wheelbarrow
15:58 Double-Bit Axe
17:41 Bow Saw
21:44 Horse Collar
33:12 Imperial Age
33:54 Capped Ram
Connection lost

Rejoining the realm…

Still unreachable

The connection could not be restored.

Session expired

The server has moved on; the page needs a fresh start.